 Dungeon Crawl Stone Soup version 0.30.0-29-ga12c61a403 (webtiles) character file.

Game seed: 5010074206266500678

108 Irreverend the Ruffian (level 4, -1/38 HPs)
             Began as a Naga Transmuter on June 5, 2023.
             Killed from afar by an orc wizard (9 damage)
             ... with a puff of flame
             ... on level 4 of the Dungeon.
             The game lasted 00:05:18 (3199 turns).

Irreverend the Ruffian (Naga Transmuter)            Turns: 3199, Time: 00:05:19

Health: -1/38      AC:  3    Str: 12    XL:     4   Next: 87%
Magic:  7/7        EV:  8    Int: 16    God:
Gold:   98         SH:  8    Dex: 17    Spells: 1/7 levels left

rFire   . .          .
                       - Unarmed
rCold   . . .        h - +0 kite shield
rNeg    . . .        a - +0 robe
rPois   +            m - +0 helmet
rElec   .            (no cloak)
rCorr   .            (no gloves)
SInv    +            (no barding)
Will    .....        (no amulet)
Stlth   ++           f - +6 ring of dexterity
HPRegen 0.26/turn    (no ring)
MPRegen 0.10/turn

%: no passive effects
@: very slow
A: AC +1, large, see invisible, deformed body, poison resistance, slowness 2,
spit poison 1, naga tail 1
a: Spit Poison


You were on level 4 of the Dungeon.
You visited 1 branch of the dungeon, and saw 4 of its levels.

You collected 98 gold pieces.

Inventory:

Armour
 a - a +0 robe (worn)
 h - a +0 kite shield (worn)
 m - a +0 helmet (worn)
Jewellery
 d - an amulet of guardian spirit
 f - a +6 ring of dexterity (left hand)
 g - a ring of ice
 l - a ring of protection from fire
Scrolls
 c - 5 scrolls of identify {unknown}
 i - 2 scrolls of teleportation {unknown}
 j - a scroll of magic mapping {unknown}
 n - a scroll of vulnerability {unknown}
Potions
 b - 3 potions of lignification
 e - 2 potions of mutation {unknown}
 k - a potion of haste {unknown}


   Skills:
 - Level 1.0 Fighting
 + Level 1.9 Dodging
 + Level 0.8 Shields
 + Level 4.1 Unarmed Combat
 - Level 2.0 Spellcasting
 + Level 3.2 Transmutations
 + Level 1.1 Poison Magic


You had one spell level left.
You knew the following spells:

 Your Spells              Type           Power      Damage    Failure   Level
a - Beastly Appendage     Tmut           24%        N/A       24%         1
b - Wereblood             Tmut           12%        N/A       34%         2
c - Spider Form           Tmut/Pois      8%         N/A       73%         3

Your spell library contained the following spells:

 Spells                   Type           Power      Damage    Failure   Level
 Ice Form                 Ice/Tmut       6%         N/A       99%         4


Dungeon Overview and Level Annotations

Branches:
Dungeon (3/15)

Altars:
Okawaru


Innate Abilities, Weirdness & Mutations

Your serpentine skin is tough. (AC +1)
You have supernaturally acute eyesight. (SInv)
Armour fits poorly on your strangely shaped body.
Your system is resistant to poisons. (rPois)
You cover ground very slowly.
You can spit poison.
You have a snake-like lower body.


Message History

The orc wizard hits you with a +0 dagger.
You hit the orc wizard but do no damage.
The orc wizard is moderately wounded.
The orc wizard completely misses you.
You hit the orc wizard but do no damage.
The orc wizard is moderately wounded.
The orc wizard hits you with a +0 dagger.
You closely miss the orc wizard.
The orc wizard is moderately wounded.
The orc wizard hits you but does no damage.
You closely miss the orc wizard.
The orc wizard is moderately wounded.
The orc wizard hits you with a +0 dagger.
You closely miss the orc wizard.
The orc wizard is moderately wounded.
The orc wizard gestures at you while chanting.
The puff of flame hits you!
You are too injured to fight recklessly!
You are too injured to fight recklessly!
You are too injured to fight recklessly!
You are too injured to fight recklessly!
You are too injured to fight recklessly!
You are too injured to fight recklessly!
You are too injured to fight recklessly!
You are too injured to fight recklessly!
You are too injured to fight recklessly!
You are too injured to fight recklessly!
You are too injured to fight recklessly!
You are too injured to fight recklessly!
You are too injured to fight recklessly!
You are too injured to fight recklessly!
You are too injured to fight recklessly!
You barely miss the orc wizard.
The orc wizard is moderately wounded.
The orc wizard casts a spell at you. The magic dart hits you!
* * * LOW HITPOINT WARNING * * *
The orc wizard casts a spell at you. The puff of flame hits you!
You die...

# # #.#.
..< ..#
#.##
#.#####
#..@oo#
##.###o#
#.###.##
..
#...##
## ##.##
#. #. #.
#.


You could see an orc wizard (invisible) and 2 orcs.

Vanquished Creatures
  2 adders (D:2)
  A worm (D:3)
  3 dart slugs
  7 orcs
  5 ball pythons
  6 endoplasms
  4 giant cockroaches
  5 goblins
  3 hobgoblins
  3 jackals (D:1)
  3 quokkas
  7 bats
  3 frilled lizards (D:1)
  11 kobolds
  3 rats (D:2)
66 creatures vanquished.

Notes
Turn   | Place    | Note
-------+----------+-------------------------------------------
     0 | D:1      | Irreverend the Naga Transmuter began the quest for the Orb.
     0 | D:1      | Reached XP level 1. HP: 18/18 MP: 3/3
   346 | D:1      | Reached XP level 2. HP: 25/25 MP: 3/5
   621 | D:1      | Found a faded altar of an unknown god.
  1319 | D:1      | Reached XP level 3. HP: 21/31 MP: 4/6
  2167 | D:2      | Reached skill level 4 in Unarmed Combat
  2167 | D:2      | Reached XP level 4. HP: 29/38 MP: 5/7
  2248 | D:2      | Learned a level 2 spell: Wereblood
  2252 | D:2      | Learned a level 3 spell: Spider Form
  3065 | D:3      | Reached skill level 1 in Poison Magic
  3140 | D:3      | Found an iron altar of Okawaru.
  3178 | D:3      | You fall into a shaft and drop 1 floor!
  3199 | D:4      | Killed from afar by an orc wizard

Illustrated notes

Levels and vault maps discovered:
D:1:      erik_arrival_cave_to_civilisation [erik_arrival_cave_to_hall],
          layout_basic, shapermc_ecumenical_altar_flowoftime
D:2:      layout_loops_ring
D:3:      layout_loops_cross, okawaru_metal_pillars_1_2,
          gammafunk_ghost_gnarly_gnolls
D:4:      layout_loops_ring, uniq_sigmund, uniq_eustachio, uniq_natasha

Skill      XL: |  1  2  3  4 |
---------------+-------------+-----
Transmutations | 3 |  3.2
Unarmed Combat | 4 |  4.1
Poison Magic   | 1 |  1.1
Fighting       | |  1.0
Dodging        | |  1.9
Shields        | |  0.8
Spellcasting   | |  2.0

Action                     |  1- 3 |  4- 6 || total
---------------------------+-------+-------++-------
  Melee: Unarmed           |   157 |    91 ||   248
         Headbutt          |    14 |     6 ||    20
         Punch             |     2 |       ||     2
   Cast: Beastly Appendage |    28 |     6 ||    34
Ability: Spit Poison       |       |     9 ||     9
   Stab: Sleeping          |       |     1 ||     1
 Armour: Robe              |    23 |    15 ||    38
  Dodge: Dodged            |    52 |    32 ||    84
  Block: Kite shield       |     5 |    28 ||    33
